3A
GRAND FORKS CATERPILLARS @ MYRTLE BEACH SEAHAWKS
07/29/2022
 
TOP OF THE 1ST
Grand Forks Caterpillars batting - Pitching for Myrtle Beach Seahawks : RHP Bernardino Neagle
Pitching: RHP Bernardino Neagle
Batting: SHB Luchino Salimbeni 0-0: Swinging Strike
0-1: Foul Ball, location: 2F
0-2: SINGLE (Line Drive, 34)
Batting: RHB Javier Rivera 0-0: Ball
1-0: Ground out 5-3 (Groundball, 5S)
Luchino Salimbeni to second
Batting: LHB Júlio Castro 0-0: Ball
1-0: Ball
2-0: Swinging Strike
2-1: Ball
3-1: Called Strike
3-2: Foul Ball, location: 2F
3-2: Base on Balls
Batting: LHB Javier Antonio 0-0: Foul Ball, location: 2F
0-1: Swinging Strike
0-2: Hit by Pitch
Luchino Salimbeni to third
Júlio Castro to second
Batting: RHB Alfonso Baca 0-0: Ball
1-0: Grounds into double play, 6-4-3 (Groundball, 6)
Top of the 1st over - 0 run(s), 1 hit(s), 0 error(s), 2 left on base; Grand Forks 0 - Myrtle Beach 0
BOTTOM OF THE 1ST
Myrtle Beach Seahawks batting - Pitching for Grand Forks Caterpillars : RHP Esteban Nevárez
Pitching: RHP Esteban Nevárez
Batting: RHB Fernando Pérez 0-0: Called Strike
0-1: Bunt missed!
0-2: Foul Ball, location: 2F
0-2: Ball
1-2: Ball
2-2: Ball
3-2: Ground out 6-3 (Groundball, 6)
Batting: RHB José Sosa 0-0: Swinging Strike
0-1: Foul Ball, location: 2F
0-2: Ball
1-2: Foul Ball, location: 2F
1-2: Ball
2-2: SINGLE (Flyball, 89S)
Batting: SHB Jorge Barrios 0-0: Ball
1-0: Called Strike
1-1: Called Strike
1-2: Strikes out swinging
Batting: RHB Rodrigo Lugo 0-0: Called Strike
0-1: Ball
1-1: Swinging Strike
1-2: Ball
2-2: Reached on error, E5 (Groundball, 5)
José Sosa to second
Batting: SHB Tony Martínez 0-0: Called Strike
0-1: Called Strike
0-2: Strikes out looking
Bottom of the 1st over - 0 run(s), 1 hit(s), 1 error(s), 2 left on base; Grand Forks 0 - Myrtle Beach 0
TOP OF THE 2ND
Grand Forks Caterpillars batting - Pitching for Myrtle Beach Seahawks : RHP Bernardino Neagle
Batting: RHB Fokke Willemsen 0-0: Foul Ball, location: 2F
0-1: Foul Ball, location: 2F
0-2: Ball
1-2: Ball
2-2: Ball
3-2: Fly out, F7 (Flyball, 78M)
Batting: RHB Nobuhiko Nakayama 0-0: Ball
1-0: Called Strike
1-1: Ball
2-1: Called Strike
2-2: Strikes out swinging
Batting: LHB Armando Becerra 0-0: Foul Ball, location: 2F
0-1: Ball
1-1: Ball
2-1: Ball
3-1: Called Strike
3-2: Fly out, F8 (Flyball, 8RD)
Top of the 2nd over - 0 run(s), 0 hit(s), 0 error(s), 0 left on base; Grand Forks 0 - Myrtle Beach 0
BOTTOM OF THE 2ND
Myrtle Beach Seahawks batting - Pitching for Grand Forks Caterpillars : RHP Esteban Nevárez
Batting: RHB Manuel Díaz 0-0: Called Strike
0-1: Ball
1-1: Ball
2-1: Ball
3-1: Base on Balls
Batting: RHB Guillaume Colin 0-0: Ball
1-0: Ball
2-0: Ball
3-0: Base on Balls
Manuel Díaz to second
Batting: RHB Roberto Escues 0-0: Called Strike
0-1: Called Strike
0-2: Fielders Choice at 2nd, 5-4 (Groundball, 56)
Manuel Díaz to third
Batting: RHB Jim Unknown 0-0: Ball
1-0: Swinging Strike
1-1: Ball
2-1: Fly out, F9 (Flyball, 9M)
Runner from 3rd tags up, SCORES, no throw
Batting: RHB Fernando Pérez 0-0: Called Strike
0-1: Ball
1-1: Ball
2-1: Called Strike
2-2: Ground out 4-3 (Groundball, 4)
Bottom of the 2nd over - 1 run(s), 0 hit(s), 0 error(s), 1 left on base; Grand Forks 0 - Myrtle Beach 1
TOP OF THE 3RD
Grand Forks Caterpillars batting - Pitching for Myrtle Beach Seahawks : RHP Bernardino Neagle
Batting: LHB Felipe Trujillo 0-0: Ball
1-0: Ball
2-0: Called Strike
2-1: Ground out 4-3 (Groundball, 34)
Batting: SHB Luchino Salimbeni 0-0: Fly out, F9 (Flyball, 9M)
Batting: RHB Javier Rivera 0-0: Called Strike
0-1: Ball
1-1: Ball
2-1: SINGLE (Line Drive, 8LS)
Batting: LHB Júlio Castro 0-0: Called Strike
0-1: Ball
1-1: Foul Ball, location: 2F
1-2: Ball
2-2: Strikes out swinging
Top of the 3rd over - 0 run(s), 1 hit(s), 0 error(s), 1 left on base; Grand Forks 0 - Myrtle Beach 1
BOTTOM OF THE 3RD
Myrtle Beach Seahawks batting - Pitching for Grand Forks Caterpillars : RHP Esteban Nevárez
Batting: RHB José Sosa 0-0: Called Strike
0-1: Ground out 6-3 (Groundball, 6)
Batting: SHB Jorge Barrios 0-0: Called Strike
0-1: Ball
1-1: Foul Ball, location: 2F
1-2: Foul Ball, location: 2F
1-2: Ground out U3 (Groundball, 3)
Batting: RHB Rodrigo Lugo 0-0: Ball
1-0: Ball
2-0: Ball
3-0: Base on Balls
Batting: SHB Tony Martínez 0-0: Ball
1-0: Called Strike
Rodrigo Lugo is caught stealing 2nd base
Bottom of the 3rd over - 0 run(s), 0 hit(s), 0 error(s), 0 left on base; Grand Forks 0 - Myrtle Beach 1
TOP OF THE 4TH
Grand Forks Caterpillars batting - Pitching for Myrtle Beach Seahawks : RHP Bernardino Neagle
Batting: LHB Javier Antonio 0-0: Fly out, F6 (Line Drive, 6)
Batting: RHB Alfonso Baca 0-0: Ball
1-0: Ball
2-0: Ball
3-0: Base on Balls
Batting: RHB Fokke Willemsen 0-0: Ball
1-0: Ball
2-0: Swinging Strike
2-1: Swinging Strike
2-2: Foul Ball, location: 2F
2-2: Strikes out looking
Batting: RHB Nobuhiko Nakayama 0-0: Called Strike
0-1: Foul Ball, location: 2F
0-2: Strikes out swinging
Top of the 4th over - 0 run(s), 0 hit(s), 0 error(s), 1 left on base; Grand Forks 0 - Myrtle Beach 1
BOTTOM OF THE 4TH
Myrtle Beach Seahawks batting - Pitching for Grand Forks Caterpillars : RHP Esteban Nevárez
Batting: SHB Tony Martínez 0-0: Ground out 4-3 (Groundball, 4)
Batting: RHB Manuel Díaz 0-0: Ball
1-0: TRIPLE (Line Drive, 78D)
Batting: RHB Guillaume Colin 0-0: Foul Ball, location: 2F
0-1: Called Strike
0-2: SINGLE (Groundball, 56D)
Manuel Díaz scores
Batting: RHB Roberto Escues 0-0: Ball
1-0: Ball
2-0: Called Strike
2-1: Swinging Strike
2-2: Ball
3-2: Strikes out swinging
Pitching: LHP José Duarte
Batting: RHB Jim Unknown 0-0: Ball
1-0: Called Strike
1-1: Ball
2-1: Fly out, F8 (Flyball, 8RS)
Bottom of the 4th over - 1 run(s), 2 hit(s), 0 error(s), 1 left on base; Grand Forks 0 - Myrtle Beach 2
TOP OF THE 5TH
Grand Forks Caterpillars batting - Pitching for Myrtle Beach Seahawks : RHP Bernardino Neagle
Batting: LHB Armando Becerra 0-0: Foul Ball, location: 2F
0-1: Ball
1-1: Ball
2-1: SINGLE (Line Drive, 34D)
Batting: LHB Felipe Trujillo 0-0: Ball
1-0: Called Strike
1-1: DOUBLE (Line Drive, 8LD)
Armando Becerra to third
Batting: SHB Luchino Salimbeni 0-0: Ball
1-0: SINGLE (Line Drive, 9S)
Armando Becerra scores
Felipe Trujillo to third
Runner from 3rd tries for Home, throw and OUT!
Luchino Salimbeni to second
Batting: RHB Javier Rivera 0-0: Ball
1-0: Called Strike
1-1: Ball
2-1: Swinging Strike
2-2: Ball
3-2: Base on Balls
Batting: LHB Júlio Castro 0-0: Ball
1-0: Called Strike
1-1: Foul Ball, location: 2F
1-2: Fielders Choice at 2nd, 3-6 (Groundball, 3)
Luchino Salimbeni to third
Batting: LHB Javier Antonio 0-0: Called Strike
0-1: Ball
1-1: Ball
2-1: Ball
3-1: Foul Ball, location: 2F
3-2: Ground out 4-3 (Groundball, 4)
Top of the 5th over - 1 run(s), 3 hit(s), 0 error(s), 2 left on base; Grand Forks 1 - Myrtle Beach 2
BOTTOM OF THE 5TH
Myrtle Beach Seahawks batting - Pitching for Grand Forks Caterpillars : LHP José Duarte
Batting: RHB Fernando Pérez 0-0: Ball
1-0: Ball
2-0: Swinging Strike
2-1: Foul Ball, location: 2F
2-2: Foul Ball, location: 2F
2-2: Ball
3-2: Base on Balls
Batting: RHB José Sosa 0-0: Ball
Fernando Pérez is caught stealing 2nd base
1-0: Fly out, F5 (Popup, 15S)
Batting: SHB Jorge Barrios 0-0: Ball
1-0: Ball
2-0: Ball
3-0: Called Strike
3-1: Called Strike
3-2: Foul Ball, location: 2F
3-2: Fly out, F7 (Flyball, 78M)
Bottom of the 5th over - 0 run(s), 0 hit(s), 0 error(s), 0 left on base; Grand Forks 1 - Myrtle Beach 2
TOP OF THE 6TH
Grand Forks Caterpillars batting - Pitching for Myrtle Beach Seahawks : RHP Bernardino Neagle
Batting: RHB Alfonso Baca 0-0: Ball
1-0: Ball
2-0: Ball
3-0: Base on Balls
Batting: RHB Fokke Willemsen 0-0: Called Strike
0-1: Ball
1-1: Foul Ball, location: 2F
1-2: Ball
2-2: Fly out, F9 (Flyball, 9M)
Batting: RHB Nobuhiko Nakayama 0-0: SINGLE (Groundball, 6MD)
Alfonso Baca to second
Batting: LHB Armando Becerra 0-0: Ball
1-0: Called Strike
1-1: Called Strike
1-2: Ball
2-2: Ball
3-2: Foul Ball, location: 2F
3-2: Base on Balls
Alfonso Baca to third
Nobuhiko Nakayama to second
Pitching: RHP Pat Thompson
Batting: LHB Felipe Trujillo 0-0: Foul Ball, location: 2F
0-1: Ball
1-1: Called Strike
1-2: GRAND SLAM HOME RUN (Line Drive, 89XD), Distance : 458 ft
Batting: SHB Luchino Salimbeni 0-0: Hit by Pitch
Batting: RHB Javier Rivera 0-0: Fly out, F7 (Line Drive, 7M)
Batting: LHB Júlio Castro 0-0: Ball
1-0: Called Strike
1-1: Fly out, F8 (Flyball, 78M)
Top of the 6th over - 4 run(s), 2 hit(s), 0 error(s), 1 left on base; Grand Forks 5 - Myrtle Beach 2
BOTTOM OF THE 6TH
Myrtle Beach Seahawks batting - Pitching for Grand Forks Caterpillars : LHP José Duarte
Batting: RHB Rodrigo Lugo 0-0: Foul Ball, location: 2F
0-1: Swinging Strike
0-2: Strikes out swinging
Batting: SHB Tony Martínez 0-0: Ball
1-0: Called Strike
1-1: Called Strike
1-2: Ball
2-2: Foul Ball, location: 2F
2-2: Ball
3-2: Foul Ball, location: 2F
3-2: Base on Balls
Pitching: LHP Rio Bavin
Batting: RHB Manuel Díaz 0-0: Ball
1-0: Swinging Strike
1-1: Ball
2-1: Ball
3-1: Base on Balls
Tony Martínez to second
Batting: RHB Guillaume Colin 0-0: Ball
Tony Martínez steals 3rd base
Manuel Díaz to second
1-0: Ground out 6-3 (Groundball, 6MS)
Tony Martínez scores
Manuel Díaz to third
Batting: RHB Roberto Escues 0-0: Called Strike
0-1: Ball
1-1: Foul Ball, location: 2F
1-2: Ball
2-2: Ground out 4-3 (Groundball, 4)
Bottom of the 6th over - 1 run(s), 0 hit(s), 0 error(s), 1 left on base; Grand Forks 5 - Myrtle Beach 3
TOP OF THE 7TH
Grand Forks Caterpillars batting - Pitching for Myrtle Beach Seahawks : RHP Pat Thompson
Batting: LHB Javier Antonio 0-0: Swinging Strike
0-1: Swinging Strike
0-2: Ball
1-2: Foul Ball, location: 2F
1-2: Strikes out swinging
Batting: RHB Alfonso Baca 0-0: Ball
1-0: Called Strike
1-1: Foul Ball, location: 2F
1-2: Ball
2-2: Strikes out swinging
Batting: RHB Fokke Willemsen 0-0: Ball
1-0: Foul Ball, location: 2F
1-1: Ball
2-1: Swinging Strike
2-2: Foul Ball, location: 2F
2-2: Fly out, F1 (Line Drive, 13)
Top of the 7th over - 0 run(s), 0 hit(s), 0 error(s), 0 left on base; Grand Forks 5 - Myrtle Beach 3
BOTTOM OF THE 7TH
Myrtle Beach Seahawks batting - Pitching for Grand Forks Caterpillars : LHP Rio Bavin
Batting: RHB Jim Unknown 0-0: Called Strike
0-1: Ball
1-1: Fly out, F8 (Flyball, 8RM)
Batting: RHB Fernando Pérez 0-0: Fly out, F9 (Flyball, 89M)
Batting: RHB José Sosa 0-0: Foul Ball, location: 2F
0-1: Ball
1-1: Ball
2-1: Ball
3-1: Swinging Strike
3-2: Strikes out looking
Bottom of the 7th over - 0 run(s), 0 hit(s), 0 error(s), 0 left on base; Grand Forks 5 - Myrtle Beach 3
TOP OF THE 8TH
Grand Forks Caterpillars batting - Pitching for Myrtle Beach Seahawks : RHP Pat Thompson
Batting: RHB Nobuhiko Nakayama 0-0: Called Strike
0-1: Called Strike
0-2: Ball
1-2: Ball
2-2: Foul Ball, location: 2F
2-2: Foul Ball, location: 2F
2-2: Strikes out swinging
Batting: LHB Armando Becerra 0-0: Ball
1-0: Ball
2-0: Foul Ball, location: 2F
2-1: Ball
3-1: Foul Ball, location: 2F
3-2: Foul Ball, location: 2F
3-2: SINGLE (Line Drive, 34D)
Batting: LHB Felipe Trujillo 0-0: Fielders Choice at 2nd, 6-4 (Groundball, 6M)
Batting: SHB Luchino Salimbeni 0-0: Ground out 3-1 (Groundball, 34)
Top of the 8th over - 0 run(s), 1 hit(s), 0 error(s), 1 left on base; Grand Forks 5 - Myrtle Beach 3
BOTTOM OF THE 8TH
Myrtle Beach Seahawks batting - Pitching for Grand Forks Caterpillars : LHP Rio Bavin
Batting: SHB Jorge Barrios 0-0: Called Strike
0-1: Fly out, F8 (Flyball, 8LM)
Batting: RHB Rodrigo Lugo 0-0: Called Strike
0-1: Foul Ball, location: 2F
0-2: Strikes out swinging
Batting: SHB Tony Martínez 0-0: Ball
1-0: Fly out, F7 (Flyball, 78M)
Bottom of the 8th over - 0 run(s), 0 hit(s), 0 error(s), 0 left on base; Grand Forks 5 - Myrtle Beach 3
TOP OF THE 9TH
Grand Forks Caterpillars batting - Pitching for Myrtle Beach Seahawks : RHP Pat Thompson
Batting: RHB Javier Rivera 0-0: Ball
1-0: Ball
2-0: Fly out, F7 (Flyball, 78D)
Batting: LHB Júlio Castro 0-0: Foul Ball, location: 2F
0-1: SINGLE (Line Drive, 8LS)
Batting: LHB Javier Antonio 0-0: Ball
1-0: Called Strike
1-1: Foul Ball, location: 2F
1-2: Ball
2-2: Strikes out swinging
Batting: RHB Alfonso Baca Pickoff Throw to First - Out!
Top of the 9th over - 0 run(s), 1 hit(s), 0 error(s), 0 left on base; Grand Forks 5 - Myrtle Beach 3
BOTTOM OF THE 9TH
Myrtle Beach Seahawks batting - Pitching for Grand Forks Caterpillars : LHP Rio Bavin
Pitching: LHP Juan Costello
Batting: RHB Manuel Díaz 0-0: Ball
1-0: Called Strike
1-1: Ball
2-1: Ball
3-1: Foul Ball, location: 2F
3-2: Strikes out swinging
Batting: RHB Guillaume Colin 0-0: Fly out, F3 (Popup, 3D)
Batting: RHB Roberto Escues 0-0: Called Strike
0-1: Ground out 6-3 (Groundball, 6M)
Bottom of the 9th over - 0 run(s), 0 hit(s), 0 error(s), 0 left on base; Grand Forks 5 - Myrtle Beach 3
This league is powered by Out of the Park Baseball, the baseball management simulation game for PC, Mac and Linux
Friday, April 15th, 2016 - OOTP Baseball 16.9 Build 39